 Dungeon Crawl Stone Soup version 0.32-a0-705-g60f233581c (webtiles) character file.

Game seed: 5856685051604699488

165 BeKind the Shield-Bearer (level 5, 0/37 HPs)
             Began as an Octopode Fighter on Mar 14, 2024.
             Slain by a kobold
             ... wielding a +0 short sword
              (5 damage)
             ... on level 3 of the Dungeon.
             The game lasted 00:01:27 (1566 turns).

BeKind the Shield-Bearer (Octopode Fighter)         Turns: 1566, Time: 00:01:27

Health: 0/37       AC:  1    Str: 15    XL:     5   Next: 46%
Magic:  5/5        EV: 12    Int: 12    God:
Gold:   94         SH:  4    Dex: 12    Spells: 4/4 levels left

rFire   . . .        a - +0 trident
rCold   . . .        b - +0 buckler
rNeg    . . .        (helmet restricted)
rPois   .            (no amulet)
rElec   .            (no ring)
rCorr   .            (no ring)
SInv    .            (no ring)
Will    .....        (no ring)
Stlth   ++           (no ring)
HPRegen 0.26/turn    (no ring)
MPRegen 0.09/turn    (no ring)
                     (no ring)

%: no passive effects
@: no status effects
A: almost no armour, amphibious, 8 rings, camouflage 1, gelatinous body 1,
(nimble swimmer 1), tentacles
a: no special abilities


You were on level 3 of the Dungeon.
You visited 1 branch of the dungeon, and saw 3 of its levels.

You collected 94 gold pieces.

Inventory:

Hand Weapons
 a - a +0 trident (weapon)
Armour
 b - a +0 buckler (worn)
Scrolls
 d - 7 scrolls of identify {unknown}
 f - a scroll of fog {unknown}
 g - a scroll of enchant armour {unknown}
 h - a scroll of enchant weapon {unknown}
 i - a scroll of teleportation {unknown}
Potions
 c - a potion of might
 e - a potion of heal wounds {unknown}


   Skills:
 + Level 3.9 Fighting
 + Level 3.1 Polearms
 + Level 3.9 Dodging
 + Level 3.9 Shields


You had 4 spell levels left.
You didn't know any spells.
Your spell library contained the following spells:

 Spells                   Type           Power      Damage    Failure   Level
 Apportation              Tloc           0%         N/A       38%         1
 Vhi's Electric Charge    Tloc/Air       0%         N/A       99%         4
 Iskenderun's Battlesphe  Conj           0%         2d6       100%        5
 Chain Lightning          Conj/Air       0%         N/A       100%        9


Dungeon Overview and Level Annotations

Branches:
Dungeon (3/15)

Altars:

Shops:
D:1 =


Innate Abilities, Weirdness & Mutations

You cannot wear most types of armour.
You are amphibious.
You can wear up to eight rings at the same time.
Your skin changes colour to match your surroundings (Stealth+).
Your rubbery body absorbs attacks. (AC +1, EV +1)
((You are camouflaged when in or above water. (Stealth+)))
You have tentacles for arms and can constrict up to eight enemies at once.


Message History

Your grab misses the kobold. Your squeeze misses the kobold.
You block the kobold's attack.
The kobold hits you with a +0 short sword.
You hit the ribbon worm but do no damage.
You grab the ribbon worm. You constrict the ribbon worm. The kobold misses you.
The kobold closely misses you.
The ribbon worm expels a string of sticky webbing.
The stream of webbing hits you but does no damage.
You are caught in a web!
You are caught in a web!
You struggle to detach yourself from the web.
You constrict the ribbon worm. The kobold barely misses you.
The kobold hits you with a +0 short sword.
The endoplasm freezes you.
You are frozen.
The ribbon worm bites you.
The web tears apart.
You constrict the ribbon worm. The kobold closely misses you.
You block the kobold's attack. The endoplasm hits you.
The ball python barely misses you. The ball python grabs you.
The ball python constricts you.
The ribbon worm expels a string of sticky webbing.
The stream of webbing misses you.
The ball python's grasp on you weakens, but your attempt to escape fails.
You constrict the ribbon worm.
The kobold hits you with a +0 short sword.
You block the kobold's attack. The endoplasm barely misses you.
You block the ball python's attack. The ball python constricts you.
You escape the ball python's grasp.
You release your grip on the ribbon worm.
The ribbon worm attacks as it pursues you!
The ribbon worm bites you!
* * * LOW HITPOINT WARNING * * *
The kobold attacks as it pursues you! The kobold barely misses you.
The endoplasm freezes you.
You are frozen.
* * * LOW HITPOINT WARNING * * *
There is a stone staircase leading up here.
The kobold hits you with a +0 short sword.
* * * LOW HITPOINT WARNING * * *
The kobold hits you with a +0 short sword.
You die...

### ## ...# #.
...##. #....###
#......#### # S
#.K@...#..#
....#SKJw.....#
............##.#
........[....#
...#...$........
##..........#.$.
............>..
.####...........
##......##..


You could see a ribbon worm (catching breath), an endoplasm, a ball python and 2
kobolds.

Vanquished Creatures
  Jessica (D:2)
  Natasha (thrice) (D:2)
  4 adders
  A dart slug (D:1)
  A ribbon worm (D:2)
  A giant cockroach (D:1)
  2 goblins (D:1)
  3 hobgoblins
  2 jackals (D:1)
  6 kobolds
  A quokka (D:1)
  4 ball pythons
  A bat (D:1)
  2 rats
32 creatures vanquished.

Notes
Turn   | Place    | Note
-------+----------+-------------------------------------------
     0 | D:1      | BeKind the Octopode Fighter began the quest for the Orb.
     0 | D:1      | Reached XP level 1. HP: 16/16 MP: 1/1
   118 | D:1      | Reached XP level 2. HP: 21/21 MP: 2/2
   162 | D:1      | Got the Compendium of Fulgent Transposition
   230 | D:1      | Found Mebalom's Jewellery Emporium.
   532 | D:2      | Reached XP level 3. HP: 8/26 MP: 3/3
   729 | D:2      | Noticed Natasha
   736 | D:2      | Killed Natasha
   737 | D:2      | Reached XP level 4. HP: 16/31 MP: 4/4
   829 | D:2      | Noticed Natasha
   833 | D:2      | Killed Natasha
   849 | D:2      | Noticed Natasha
   855 | D:2      | Killed Natasha
   856 | D:2      | Reached XP level 5. HP: 33/37 MP: 5/5
  1338 | D:2      | Noticed Jessica
  1344 | D:2      | Killed Jessica
  1566 | D:3      | Slain by a kobold

Illustrated notes

Levels and vault maps discovered:
D:1:      minmay_arrival_solitary_statue, layout_rooms, serial_shops, shop
D:2:      layout_basic, serial_rivers, chequers_serial_rivers_micro_a,
          chequers_serial_rivers_room_b, chequers_serial_rivers_small_a,
          chequers_serial_rivers_micro_c, uniq_jessica, uniq_natasha
D:3:      layout_rooms, nicolae_dithmenos_shadow_blocks

Skill      XL: |  1  2  3  4  5 |
---------------+----------------+-----
Polearms       | 3 |  3.1
Fighting       | |  3.9
Dodging        | |  3.9
Shields        | |  3.9

Action                     |  1- 3 |  4- 6 || total
---------------------------+-------+-------++-------
  Melee: Trident           |    53 |    23 ||    76
         Constrict         |    12 |     8 ||    20
         Tentacles         |     9 |     4 ||    13
   Stab: Sleeping          |     2 |     2 ||     4
 Armour: Skin              |    16 |    14 ||    30
  Dodge: Dodged            |    20 |    16 ||    36
  Block: Buckler           |     7 |     5 ||    12

Table legend: (Time is in decaauts)
 A = Elapsed time spent in this place.
 B = Non-inter-level travel time spent in this place.
 C = Inter-level travel time spent in this place.
 D = Time resting spent in this place.
 E = Time spent auto-exploring this place.
 F = Levels seen in this place.
 G = Mean time per level.
                   A        B        C        D        E       F      G
               +--------+--------+--------+--------+--------+-----+--------+
         Total |   1590 |   1526 |     64 |    172 |   1115 |   3 |  530.0 |
       Dungeon |   1590 |   1526 |     64 |    172 |   1115 |   3 |  530.0 |
               +--------+--------+--------+--------+--------+-----+--------+

Top non-repeatable levels by time:
     D:2: 1146 daAuts
     D:1: 428 daAuts
     D:3: 15 daAuts
